 Dungeon Crawl Stone Soup version 0.27-a0-1140-g099f9bb0e8 (webtiles) character file.

Game seed: 6361702337983760650

26 jasper the Changer (level 3, 0/26 HPs)
             Began as a Merfolk Transmuter on May 9, 2021.
             Slain by an adder (3 damage)
             ... on level 2 of the Dungeon.
             The game lasted 00:01:59 (1935 turns).

jasper the Changer (Merfolk Transmuter)             Turns: 1935, Time: 00:02:00

Health: 0/26       AC:  2    Str: 10    XL:     3   Next: 8%
Magic:  6/6        EV: 12    Int: 13    God:
Gold:   47         SH:  0    Dex: 14    Spells: 2/6 levels left

rFire    . . .     SeeInvis .     - Unarmed
rCold    . . .     Faith    .   (no shield)
rNeg     . . .     Spirit   .   a - +0 robe
rPois    .         Reflect  .   (no helmet)
rElec    .         Harm     .   (no cloak)
rCorr    .         Rampage  .   (no gloves)
Will     .....                  (no boots)
Stlth    +.........             (no amulet)
HPRegen  0.08/turn              (no ring)
MPRegen  0.10/turn              (no ring)

@: lethally poisoned (0 -> -2)
A: (nimble swimmer 2), mertail
a: no special abilities


You were on level 2 of the Dungeon.
You visited 1 branch of the dungeon, and saw 2 of its levels.

You collected 47 gold pieces.

Inventory:

Missiles
 b - 48 stones
Armour
 a - a +0 robe (worn)
Scrolls
 c - a scroll of amnesia
 e - a scroll of noise
 f - a scroll of blinking {unknown}


   Skills:
 - Level 1.1 Fighting
 - Level 2.6 Dodging
 - Level 3.2 Unarmed Combat
 - Level 2.0 Spellcasting
 + Level 4.6 Transmutations


You had 2 spell levels left.
You knew the following spells:

 Your Spells              Type           Power      Damage    Failure   Level
a - Beastly Appendage     Tmut           26%        N/A       3%          1
b - Spider Form           Tmut/Pois      3%         N/A       28%         3

Your spell library contained the following spells:

 Spells                   Type           Power      Damage    Failure   Level
 Wereblood                Tmut           13%        N/A       5%          2
 Corona                   Hex            1%         N/A       26%         1
 Ensorcelled Hibernation  Hex/Ice        2%         N/A       36%         2
 Confusing Touch          Hex            1%         N/A       58%         3
 Dazzling Flash           Conj/Hex       2%         N/A       58%         3
 Tukima's Dance           Hex            1%         N/A       58%         3
 Ice Form                 Ice/Tmut       7%         N/A       67%         4
 Hydra Form               Tmut           6%         N/A       71%         5


Dungeon Overview and Level Annotations

Branches:
Dungeon (2/15)

Altars:

Shops:
D:1 (


Innate Abilities, Weirdness & Mutations

((You are quick and stealthy near water. (Stealth+, EV+, Speed+++)))
Your lower body shifts to a powerful aquatic tail in water.


Message History

You take 3 damage, and have 23/26 hp.
You completely miss the adder. Your headbutt misses the adder.
The adder bites you.
You are poisoned.
The adder poisons you!
You take 3 damage, and have 20/26 hp.
You hit the adder. Your headbutt misses the adder.
The adder is heavily wounded.
You feel sick. The adder bites you.
You take 6 damage, and have 14/26 hp.
MASSIVE DAMAGE!!
You hit the adder.
The adder is heavily wounded.
You feel sick. The adder bites you.
You take 3 damage, and have 11/26 hp.
You closely miss the adder.
The adder is heavily wounded.
You feel sick. The adder closely misses you. The adder bites you.
You are more poisoned.
The adder poisons you!
You take 3 damage, and have 8/26 hp.
You closely miss the adder.
The adder is heavily wounded.
* * * LOW HITPOINT WARNING * * *
You feel sick. The adder closely misses you.
You take 2 damage, and have 6/26 hp.
You aren't carrying any potions.
As you read the scroll labelled YCUMNE ZAT FEO, it crumbles to dust.
It is a scroll of amnesia.
Really abort (and waste the scroll)?
Okay, then.
Your horns disappear.
You feel sick. The adder bites you.
* * * LOW HITPOINT WARNING * * *
You take 2 damage, and have 4/26 hp.
As you read the scroll labelled OVVEHOZ TIWEVE, it crumbles to dust.
It is a scroll of identify.
e - a scroll of noise
* * * LOW HITPOINT WARNING * * *
You feel sick. The adder bites you.
You die...

#.####....#
##.#.#
#.#.#
#.#.##
#....#
###..#
######..#
.......)#
#######@#
#S#
.......K#
.#####..#
#..# #..#
#..# ##.#
#.#


You could see an adder and a kobold.

Vanquished Creatures
  A ball python (D:1)
  3 endoplasms (D:1)
  2 giant cockroaches (D:1)
  4 goblins (D:1)
  2 hobgoblins (D:1)
  3 kobolds
  3 bats (D:1)
  A frilled lizard (D:1)
  4 rats (D:1)
23 creatures vanquished.

Notes
Turn   | Place    | Note
-------+----------+-------------------------------------------
     0 | D:1      | jasper the Merfolk Transmuter began the quest for the Orb.
     0 | D:1      | Reached XP level 1. HP: 15/15 MP: 3/3
    44 | D:1      | Reached skill level 3 in Transmutations
   310 | D:1      | Reached XP level 2. HP: 21/21 MP: 3/5
   339 | D:1      | Found Joibid's Weapon Shoppe.
  1071 | D:1      | Reached skill level 4 in Transmutations
  1563 | D:1      | Reached XP level 3. HP: 26/26 MP: 4/6
  1597 | D:1      | Learned a level 3 spell: Spider Form
  1935 | D:2      | Slain by an adder

Illustrated notes

Levels and vault maps discovered:
D:1:      dpeg_arrival_solitude, layout_basic, serial_shops, shop,
          serial_aquarium, aquarium_bridge_long_joined
          [aquarium_subvault_window, aquarium_subvault_window,
          aquarium_subvault_bridge, aquarium_subvault_wall,
          aquarium_subvault_wall, aquarium_subvault_window], aquarium_window_1,
          aquarium_window_fake, aquarium_view_2c, aquarium_balcony_3a,
          aquarium_pool_2, minivault_25, serial_bayou_pond_e, hex_intersection,
          hex_tiny, minmay_misc_feat_alley
D:2:      layout_loops_ring, basic_ecumenical_altar, serial_shops,
          shop_fountains, hangedman_decor_clover_reticule, uniq_robin,
          uniq_crazy_yiuf_cottage

Skill      XL: |  1  2 |
---------------+-------+-----
Transmutations | 3 4 |  4.6
Fighting       | |  1.1
Dodging        | |  2.6
Unarmed Combat | |  3.2
Spellcasting   | |  2.0

Action                   || total
-------------------------++-------
Melee: Unarmed           ||    68
       Headbutt          ||     9
       Punch             ||     1
 Cast: Beastly Appendage ||    17
  Use: Scroll            ||     2
Armor: Robe              ||     6
Dodge: Dodged            ||    35

Table legend: (Time is in decaauts)
 A = Elapsed time spent in this place.
 B = Non-inter-level travel time spent in this place.
 C = Inter-level travel time spent in this place.
 D = Time resting spent in this place.
 E = Time spent auto-exploring this place.
 F = Levels seen in this place.
 G = Mean time per level.
                   A        B        C        D        E       F      G
               +--------+--------+--------+--------+--------+-----+--------+
         Total |   1930 |   1921 |      9 |     10 |   1729 |   2 |  965.0 |
       Dungeon |   1930 |   1921 |      9 |     10 |   1729 |   2 |  965.0 |
               +--------+--------+--------+--------+--------+-----+--------+

Top non-repeatable levels by time:
     D:1: 1851 daAuts
     D:2: 78 daAuts
